 Dungeon Crawl Stone Soup version 0.31-a0-246-g8cbcc1cb85 (webtiles) character file.

Game seed: 2059761411274965094

30258 dolemite99 the Grappler (level 13, -2/104 HPs)
             Began as a Merfolk Shapeshifter on July 12, 2023.
             Was a Believer of Lugonu.
             Slain by a hell knight
             ... wielding a +3 battleaxe of flaming
              (30 damage)
             ... on level 12 of the Dungeon.
             The game lasted 00:29:13 (17089 turns).

dolemite99 the Grappler (Merfolk Shapeshifter)     Turns: 17089, Time: 00:29:14

Health: -2/104     AC: 12    Str: 18    XL:     13   Next: 50%
Magic:  22/22      EV: 18    Int:  7    God:    Lugonu [**....]
Gold:   444        SH:  0    Dex: 17    Spells: 12/12 levels left

rFire   + .          .
                       - Unarmed
rCold   + + .        (no shield)
rNeg    . . .        O - +0 acid dragon scales
rPois   +            (helmet currently unavailable)
rElec   +            (cloak currently unavailable)
rCorr   +            (gloves currently unavailable)
SInv    .            (boots currently unavailable)
Will    .....        H - amulet of the acrobat
Stlth   +            s - +4 ring of protection {=R}
HPRegen 0.37/turn    C - ring of protection from cold
MPRegen 0.18/turn

%: acrobat
@: beast-form, resistant
A: beast (slay +7), (nimble swimmer 2), mertail, iridescent scales 1
a: Renounce Religion, Depart the Abyss, Banish


You were on level 12 of the Dungeon.
You worshipped Lugonu.
Lugonu was pleased with you.
You were a hulking beast.
You visited 1 branch of the dungeon, and saw 13 of its levels.
You visited the Abyss 1 time.
You also visited: Ossuary.

You collected 905 gold pieces.
You spent 461 gold pieces at shops.

Inventory:

Hand Weapons
 a - a +0 sling of electrocution
 N - the +2 quarterstaff of Tomorrow {heavy, rElec rCorr Int+2 Dex-3}
   (You found it on level 11 of the Dungeon)

   Int:       It affects your intelligence (+2).
   Dex:       It affects your dexterity (-3).
   rElec:     It insulates you from electricity.
   rCorr:     It protects you from acid and corrosion.
 P - a +0 arbalest
 R - a +0 shortbow of freezing
 S - the +1 dagger "Ijiclymu" {heavy, rC++ MP+9 Dex+2 Stlth-}
   (You found it on level 13 of the Dungeon)

   Dex:       It affects your dexterity (+2).
   rC:        It greatly protects you from cold.
   MP:        It affects your magic capacity (+9).
   Stlth:     It makes you less stealthy.
Missiles
 u - 3 javelins
 B - 12 poisoned darts (quivered)
Armour
 j - a +0 cloak
 q - a +0 troll leather armour
 E - +2 steam dragon scales
 O - +0 acid dragon scales (worn)
 V - a +0 tower shield
 W - a +0 buckler
Jewellery
 i - a ring of poison resistance
 s - a +4 ring of protection (left hand) {=R}
 v - a ring of resist corrosion
 y - a ring of see invisible
 C - a ring of protection from cold (right hand)
 H - an amulet of the acrobat (around neck)
 U - a ring of magical power
 X - a ring of poison resistance
Talismans
 c - a beast talisman
 w - a blade talisman
 M - a serpent talisman
Wands
 h - a wand of mindburst (16)
 l - a wand of digging (5)
 D - a wand of paralysis (20)
 T - a wand of flame (8)
Scrolls
 e - a scroll of vulnerability
 k - a scroll of silence
 m - 3 scrolls of amnesia
 n - 4 scrolls of poison
 t - 3 scrolls of teleportation
 z - a scroll of immolation
 F - 3 scrolls of fear
 G - 2 scrolls of blinking
 J - a scroll of fog
Potions
 b - 2 potions of enlightenment
 f - 3 potions of berserk rage
 g - 9 potions of curing
 o - a potion of magic
 p - a potion of brilliance
 r - 8 potions of cancellation
 x - a potion of heal wounds
 A - a potion of attraction
 I - 2 potions of haste
 K - 4 potions of lignification
 Q - a potion of mutation


   Skills:
 - Level 10.7 Fighting
 - Level 4.8 Throwing
 - Level 11.2 Dodging
 + Level 12.5 Unarmed Combat
 + Level 12.4 Invocations
 + Level 10.8 Shapeshifting


You had 12 spell levels left.
You didn't know any spells.
Your spell library contained the following spells:

 Spells                   Type           Power      Damage    Failure   Level
 Shock                    Conj/Air       0%         1d3       52%         1
 Ensorcelled Hibernation  Hex/Ice        0%         N/A       67%         2
 Lesser Beckoning         Tloc           0%         N/A       67%         2
 Sublimation of Blood     Necr           0%         N/A       67%         2
 Frozen Ramparts          Ice            0%         1d1       88%         3
 Gell's Gravitas          Tloc           0%         N/A       88%         3
 Ozocubu's Armour         Ice            0%         N/A       88%         3
 Swiftness                Air            0%         N/A       88%         3
 Teleport Other           Tloc           0%         N/A       88%         3
 Airstrike                Air            0%         2d(0-16)  99%         4
 Petrify                  Tmut/Erth      0%         N/A       99%         4
 Freezing Cloud           Conj/Ice/Air   0%         6-21      100%        5
 Irradiate                Conj/Tmut      0%         3d11      100%        5
 Metabolic Englaciation   Hex/Ice        0%         N/A       100%        5
 Simulacrum               Ice/Necr       0%         N/A       100%        6
 Ozocubu's Refrigeration  Ice            0%         4d7       100%        7


Dungeon Overview and Level Annotations

Branches:
Dungeon (13/15)            Temple (0/1) D:5            Lair (0/5) D:11
    Orc (0/2) D:12        Ossuary (visited)
 Vaults: D:13-14

Altars:
Cheibriados
Dithmenos
Fedhas
Gozag
Hepliaklqana
Makhleb
Qazlal
Ru
Trog
Uskayaw
Xom
Yredelemnul
Zin

Shops:
D:7 ?   D:10 *

Annotations:
D:6 3 runed translucent doors, osoart's ghost, amateur DsGl
D:13 Azrael


Innate Abilities, Weirdness & Mutations

You are a hulking beast.
Your limbs bulge with bestial killing power. (Slay +7)
((You are very nimble when in or above water. (Stealth+, EV+, Speed+++)))
Your lower body shifts to a powerful aquatic tail in water.
You are partially covered in iridescent scales. (AC +2)


Message History

The harpy is severely wounded.
The harpy misses you. The harpy claws you.
You throw a poisoned dart. The poisoned dart hits the harpy.
The harpy is severely wounded.
The harpy claws you! The harpy completely misses you.
You are too injured to fight recklessly!
You pummel the harpy!!
You kill the harpy!
Lugonu accepts your kill.
There are no items here.
B - 12 poisoned darts (gained 2)
There is an open door here.
There are no items here.
A hell knight is nearby!
A hell knight is nearby!
There is an open door, spattered with blood here.
You start resting.
A hell knight is nearby!
Press: ? - help, v - describe, . - travel
Here: a hell knight, wielding a +3 battleaxe of flaming and wearing a +0 plate armour The floor, spattered with blood.
Unknown command.
Okay, then.
You feel protected.
The hell knight mumbles some strange prayers to its god.
The hell knight seems to speed up.
The hell knight hits you with a +3 battleaxe of flaming.
The hell knight burns you.
You hit the hell knight.
The hell knight is lightly wounded.
The hell knight hits you with a +3 battleaxe of flaming!!
The hell knight burns you.
You punch the hell knight!
The hell knight is moderately wounded.
The hell knight hits you with a +3 battleaxe of flaming!!
* * * LOW HITPOINT WARNING * * *
The hell knight burns you.
* * * LOW HITPOINT WARNING * * *
The hell knight hits you with a +3 battleaxe of flaming!!
You die...

##+## #...##
.....##+###+###+##
.....#...#:./#...#
..)..#...#...#..h#
...†.#...#[.(#.p.#
.....##†#######'##
.....#...#...#...#
.....#...p)..'†..#
#...##...#...#...#
##'####)##########
##.# #.##.......#
#.# #....#.#.#.#


You could see a hell knight (fast).

Vanquished Creatures
  A hydra (D:12)
  A death knight (D:12)
  A catoblepas (D:13)
  3 centaur warriors (D:13)
  2 two-headed ogres
  2 deep elf zephyrmancers (D:13)
  A harpy (D:12)
  9 wizards
  An orc knight (D:12)
  3 deep elf pyromancers (D:13)
  A wolf spider (D:12)
  An ugly thing (D:12)
  2 orc sorcerers (D:13)
  4 manticores
  A cyclops (shapeshifter) (D:13)
  A cyclops (D:13)
  Joseph (D:9)
  Maurice (D:9)
  5 kobold demonologists (D:12)
  An unseen horror (D:12)
  A yaktaur (D:13)
  2 tengu conjurers (D:13)
  2 trolls
  A hornet (D:11)
  4 slime creatures (D:12)
  A centaur simulacrum (D:11)
  2 wyverns (D:11)
  A shadow (D:11)
  3 wraiths
  23 yaks
  A vampire (D:11)
  A basilisk (D:11)
  2 steam dragons
  3 acid dragons
  A hell hound (D:13)
  A swamp drake (D:11)
  3 orc warriors
  2 sky beasts (D:7)
  4 black bears
  An ogre (D:5)
  19 centaurs
  2 kobold brigands
  2 phantoms (D:6)
  4 bullfrogs
  A gnoll sergeant (D:9)
  A scorpion (D:6)
  5 wights (D:8)
  13 killer bees
  8 howler monkeys
  A human zombie (Ossuary)
  A bullfrog zombie (D:6)
  4 hounds
  2 centaur zombies
  An orc priest (D:8)
  2 gnoll boudas
  2 jellies
  2 iguanas (D:6)
  Terence (D:2)
  Natasha (twice) (D:2)
  9 orc wizards
  2 mummies (Ossuary)
  7 adders
  18 gnolls
  A white imp (D:6)
  2 adder zombies (Ossuary)
  2 worms (D:2)
  2 dart slugs
  45 orcs
  4 ball pythons
  4 bats
  2 endoplasms
  5 giant cockroaches
  10 goblins
  6 hobgoblins
  4 jackals (D:3)
  4 quokkas
  3 frilled lizards
  A goblin zombie (Ossuary)
  10 hobgoblin zombies (Ossuary)
  12 kobolds
  9 kobold zombies (Ossuary)
  9 orc zombies (Ossuary)
  4 rats
  4 rat zombies (Ossuary)
353 creatures vanquished.

Vanquished Creatures (others)
  2 humans (D:13)
2 creatures vanquished.

Grand Total: 355 creatures vanquished

Notes
Turn   | Place    | Note
-------+----------+-------------------------------------------
     0 | D:1      | dolemite99 the Merfolk Shapeshifter began the quest for the
                  | Orb.
     0 | D:1      | Reached XP level 1. HP: 16/16 MP: 1/1
   235 | D:1      | Reached XP level 2. HP: 22/22 MP: 2/2
   552 | D:1      | Found a faded altar of an unknown god.
   611 | D:1      | Prayed at the altar of an unknown god.
   611 | D:1      | Became a worshipper of Qazlal Stormbringer
   611 | D:1      | Reached * piety under Qazlal
   930 | D:2      | Reached XP level 3. HP: 27/27 MP: 3/3
   948 | D:2      | Noticed Natasha
   951 | D:2      | Killed Natasha
  1035 | D:2      | Noticed Natasha
  1042 | D:2      | Killed Natasha
  1043 | D:2      | Reached skill level 5 in Unarmed Combat
  1043 | D:2      | Reached XP level 4. HP: 33/33 MP: 4/4
  1182 | D:2      | Noticed Terence
  1187 | D:2      | Killed Terence
  1188 | D:2      | Reached XP level 5. HP: 28/38 MP: 5/5
  1390 | D:2      | Reached ** piety under Qazlal
  2936 | D:3      | Found a shadowy altar of Dithmenos.
  3093 | D:3      | Reached XP level 6. HP: 44/44 MP: 6/6
  3250 | D:3      | Found a shimmering altar of Xom.
  3808 | D:4      | Noticed a black bear
  3822 | D:4      | Killed a black bear
  3949 | D:4      | Reached XP level 7. HP: 50/50 MP: 7/7
  4133 | D:5      | Entered Level 5 of the Dungeon
  4220 | D:5      | Found a staircase to the Ecumenical Temple.
  4897 | D:5      | Identified the +6 dagger of Certain Death {spect, Fly Will-
                  | Str+3 Stlth+}
  5218 | D:6      | Found a glowing silver altar of Zin.
  5218 | D:6      | Found Zin's Purification Station.
  5406 | D:6      | Reached XP level 8. HP: 44/60 MP: 8/8
  5598 | D:6      | Found a snail-covered altar of Cheibriados.
  5623 | D:6      | Reached *** piety under Qazlal
  5631 | D:6      | Reached skill level 5 in Shapeshifting
  5731 | D:6      | Reached skill level 5 in Fighting
  5866 | D:6      | Bought a potion of curing for 90 gold pieces
  5981 | D:6      | Found a burning altar of Makhleb.
  5994 | D:6      | Reached skill level 5 in Dodging
  6033 | D:6      | Found a runed translucent gate.
  6033 | D:6      | Found a runed translucent gate.
  6033 | D:6      | Found a runed translucent gate.
  6033 | D:6      | Noticed osoart's ghost (amateur DsGl)
  6035 | D:6      | Found a basalt altar of Yredelemnul.
  6104 | D:6      | Found an opulent altar of Gozag.
  6402 | D:7      | Reached XP level 9. HP: 55/70 MP: 5/9
  6488 | D:7      | Found Metet's Magic Scroll Shop.
  6836 | D:7      | Bought a scroll of fear for 56 gold pieces
  6836 | D:7      | Bought 3 scrolls of blinking for 315 gold pieces
  6991 | D:7      | Found a hazy altar of Hepliaklqana.
  7044 | D:7      | Reached **** piety under Qazlal
  7505 | D:8      | Found a sand-covered staircase.
  7510 | Ossuary  | Entered an ossuary
  7873 | Ossuary  | Reached ***** piety under Qazlal
  7921 | D:8      | Reached skill level 1 in Throwing
  8208 | D:8      | Reached XP level 10. HP: 75/80 MP: 10/10
  9074 | D:9      | Found a bloodstained altar of Trog.
  9133 | D:9      | Noticed Maurice
  9145 | D:9      | Killed Maurice
  9146 | D:9      | Reached skill level 1 in Invocations
  9325 | D:9      | Noticed Joseph
  9335 | D:9      | Killed Joseph
  9937 | D:9      | Found a stormy altar of Qazlal.
 10414 | D:10     | Entered Level 10 of the Dungeon
 10425 | D:10     | Reached XP level 11. HP: 89/89 MP: 14/14
 10444 | D:10     | Reached skill level 5 in Invocations
 10540 | D:10     | Found a blossoming altar of Fedhas.
 10790 | D:10     | Found a hide-covered altar of Uskayaw.
 10926 | D:10     | Found Wiach's Demolitions Depot.
 11039 | D:10     | Found a sacrificial altar of Ru.
 11156 | D:10     | Found a flagged portal.
 11555 | D:11     | Noticed a manticore
 11567 | D:11     | Killed a manticore
 11604 | D:11     | Noticed a manticore
 11610 | D:11     | Killed a manticore
 12148 | D:11     | Reached skill level 10 in Dodging
 12201 | D:11     | Found a staircase to the Lair.
 12590 | D:11     | Noticed a two-headed ogre
 12609 | D:11     | Killed a two-headed ogre
 12610 | D:11     | Reached skill level 10 in Fighting
 12811 | D:11     | Identified the +2 quarterstaff of Tomorrow {heavy, rElec
                  | rCorr Int+2 Dex-3}
 13590 | D:12     | You fall into a shaft and drop 1 floor!
 13591 | D:13     | Noticed a wizard
 13595 | D:13     | Killed a wizard
 13596 | D:13     | Reached XP level 12. HP: 92/97 MP: 18/18
 13649 | D:13     | Noticed a centaur warrior
 13654 | D:13     | Killed a centaur warrior
 13685 | D:13     | Reached skill level 10 in Shapeshifting
 13785 | D:13     | Noticed a centaur warrior
 13788 | D:13     | Killed a centaur warrior
 13889 | D:13     | Identified the +1 dagger "Ijiclymu" {heavy, rC++ MP+9 Dex+2
                  | Stlth-}
 13896 | D:13     | Noticed a two-headed ogre
 13904 | D:13     | Killed a two-headed ogre
 13905 | D:13     | Reached skill level 10 in Unarmed Combat
 13905 | D:13     | Reached skill level 10 in Invocations
 13919 | D:13     | Paralysed by an orc sorcerer for 5 turns
 14379 | D:13     | Noticed a catoblepas
 14388 | D:13     | Killed a catoblepas
 14411 | D:13     | Noticed a centaur warrior
 14433 | D:13     | Killed a centaur warrior
 14438 | Abyss:2  | Cast into level 2 of the Abyss (a wizard)
 14478 | Abyss:2  | Found a corrupted altar of Lugonu.
 14486 | Abyss:2  | Fell from the grace of Qazlal
 14486 | Abyss:2  | Became a worshipper of Lugonu the Unformed
 14486 | Abyss:2  | Reached * piety under Lugonu
 14486 | Abyss:2  | Reached ** piety under Lugonu
 14507 | Abyss:2  | Noticed a tentacled starspawn
 14509 | Abyss:2  | Noticed a starcursed mass
 14511 | D:13     | Escaped the Abyss
 14522 | D:13     | Reached XP level 13. HP: 68/104 MP: 21/21
 14730 | D:13     | Got the Elucidation of the Blizzard
 14770 | D:13     | Noticed Azrael
 15347 | D:12     | HP: 2/124 [yak (7)]
 15870 | D:12     | Gained mutation: You are partially covered in iridescent
                  | scales. (AC +2) [a neqoxec]
 15936 | D:12     | Banished a spark wasp
 15936 | D:12     | Banished an ice dragon
 16087 | D:12     | Banished an ice dragon
 16087 | D:12     | Banished an ice dragon
 16087 | D:12     | Banished a spark wasp
 16607 | D:12     | Found a staircase to the Orcish Mines.
 17089 | D:12     | Slain by a hell knight

Illustrated notes

Levels and vault maps discovered:
D:1:      dpeg_arrival_shelter, layout_basic, nicolae_ecumenical_lake_church,
          serial_rivers, chequers_serial_rivers_small_3,
          chequers_serial_rivers_micro_e, chequers_serial_rivers_small_a,
          chequers_serial_rivers_micro_b, chequers_serial_rivers_room_a,
          chequers_serial_rivers_micro_d, minivault_23
D:2:      layout_loops_corners, fountainhead, uniq_natasha, uniq_terence
D:3:      layout_basic, general_overflow_altar,
          mainiacjoe_overflow_surrounded_room
D:4:      layout_cave_pools
D:5:      layout_basic, minmay_temple_entry_statues
D:6:      layout_rooms, mainiacjoe_overflow_boulevard,
          mainiacjoe_overflow_cross_hatched, nicolae_yredelemnul_ghost_church,
          grunt_gozag_breadcrumbs, zin_purify
D:7:      layout_rooms, lemuel_tele_altar, serial_shops, kennysheep_little_box
D:8:      layout_basic, nicolae_ossuary_entry_plus
D:9:      layout_small_grid, nicolae_overflow_hidden_temple, bloody_trog,
          uniq_maurice, uniq_joseph
D:10:     layout_loops_ring, nicolae_ru_great_annihilating_truth,
          fedhas_altar_1, nicolae_uskayaw_dance_hall, enter_bailey_5,
          nicolae_blasting_shop
D:11:     layout_layer_cave, erik_lair_dragon
D:12:     layout_loops_corners, orc_david_3, minmay_evil_grid
D:13:     minmay_tri_stars, layout_small_grid, ximxim_vaults_locker_room,
          uniq_azrael

Skill      XL: |  1  2  3  4  5  6  7  8  9 10 11 12 13 |
---------------+----------------------------------------+-----
Unarmed Combat | 3 4 5 6 8 9 11 12 | 12.5
Dodging        | 4 5 7 9 10 11 | 11.2
Fighting       | 4 6 8 9 10 | 10.7
Shapeshifting  | 5 7 8 9 10 | 10.8
Throwing       | 3 4 |  4.8
Invocations    | 4 8 11 12 | 12.4

Action                     |  1- 3 |  4- 6 |  7- 9 | 10-12 | 13-15 || total
---------------------------+-------+-------+-------+-------+-------++-------
  Melee: Unarmed           |    28 |   113 |   145 |   255 |   131 ||   672
         Punch             |     2 |     6 |    13 |    22 |     1 ||    44
         Tailslap          |     1 |       |       |     1 |       ||     2
         Constrict         |       |       |       |    11 |    25 ||    36
   Fire: Sling             |    29 |     1 |       |    74 |       ||   104
         Longbow           |       |     3 |   114 |       |       ||   117
  Throw: Dart              |       |       |    26 |   105 |    17 ||   148
 Invoke: Upheaval          |       |       |       |    32 |       ||    32
         Elemental Force   |       |       |       |     1 |       ||     1
         Depart the Abyss  |       |       |       |     1 |       ||     1
         Banish            |       |       |       |       |     1 ||     1
  Evoke: Wand              |       |       |       |     2 |     4 ||     6
    Use: Scroll            |       |    12 |     5 |     4 |     6 ||    27
         Potion            |       |     1 |       |     4 |     3 ||     8
   Stab: Sleeping          |     1 |       |       |       |       ||     1
         Invisible         |       |       |       |     1 |       ||     1
 Armour: Animal skin       |     9 |       |       |       |       ||     9
         Chain mail        |     7 |    40 |    11 |       |       ||    58
         Skin              |       |     3 |       |    26 |    42 ||    71
         Scale mail        |       |       |    20 |       |       ||    20
         Steam dragon scal |       |       |    13 |    24 |       ||    37
         Troll leather arm |       |       |       |    11 |       ||    11
         Acid dragon scale |       |       |       |     9 |    15 ||    24
  Dodge: Dodged            |    25 |    41 |   121 |   281 |   132 ||   600
         Repelled          |       |       |       |     1 |       ||     1
  Block: Other             |     1 |     9 |    36 |    70 |       ||   116
   Form: Blade             |       |       |       |     1 |       ||     1
         Anaconda          |       |       |       |     1 |       ||     1
         Beast             |       |       |       |       |     1 ||     1

Table legend: (Time is in decaauts)
 A = Elapsed time spent in this place.
 B = Non-inter-level travel time spent in this place.
 C = Inter-level travel time spent in this place.
 D = Time resting spent in this place.
 E = Time spent auto-exploring this place.
 F = Levels seen in this place.
 G = Mean time per level.
                   A        B        C        D        E       F      G
               +--------+--------+--------+--------+--------+-----+--------+
         Total |  17037 |  16496 |    541 |   5178 |   7910 |  15 | 1135.8 |
       Dungeon |  16543 |  16002 |    541 |   5142 |   7822 |  13 | 1272.5 |
         Abyss |     72 |     72 |      0 |      0 |     16 |   1 |   72.0 |
       Ossuary |    421 |    421 |      0 |     36 |     72 |   1 |  421.0 |
               +--------+--------+--------+--------+--------+-----+--------+

Top non-repeatable levels by time:
    D:12: 2270 daAuts
    D:11: 1878 daAuts
     D:9: 1513 daAuts
     D:3: 1472 daAuts
     D:2: 1463 daAuts
     D:5: 1263 daAuts
    D:13: 1256 daAuts
    D:10: 1136 daAuts
     D:8: 1129 daAuts
     D:7: 1129 daAuts
     D:6: 850 daAuts
     D:1: 611 daAuts
     D:4: 569 daAuts
 Ossuary: 421 daAuts
 Abyss:2: 72 daAuts
